 Dungeon Crawl Stone Soup version 0.19.0-9-gfd783f2 (webtiles) character file.

629 dobroeutro the Archer (level 7, -1/56 HPs)
             Began as a Centaur Hunter on Nov 7, 2016.
             Slain by a centaur (6 damage)
             ... on level 5 of the Dungeon.
             The game lasted 00:08:48 (4665 turns).

dobroeutro the Archer (Centaur Hunter)              Turns: 4665, Time: 00:08:49

Health: -1/56      AC:  8    Str: 16    XL:     7   Next: 23%
Magic:  7/7        EV:  9    Int: 10    God:
Gold:   240        SH:  0    Dex: 10    Spells: 0 memorised, 6 levels left

rFire  + . .     SeeInvis .     c - +2 trident (freeze)
rCold  . . .     Gourm    .     x - +2 leather armour {MR+}
rNeg   . . .     Faith    .     (no shield)
rPois  .         Spirit   .     (no helmet)
rElec  .         Reflect  .     e - +0 cloak
rCorr  .         Harm     .     g - +0 pair of gloves
MR     +....                    (no barding)
Stlth  +.........               (no amulet)
                                (no ring)
                                r - ring of protection from fire

@: very quick
A: hooves 3, deformed body, speed 2, tough skin 3
a: no special abilities


You were on level 5 of the Dungeon.
You were not hungry.

You visited 1 branch of the dungeon, and saw 5 of its levels.

You collected 240 gold pieces.

Inventory:

Hand Weapons
 a - a +1 shortbow
 c - a +2 trident of freezing (weapon)
Missiles
 d - 57 arrows
Armour
 e - a +0 cloak (worn)
 g - a +0 pair of gloves (worn)
 x - a +2 leather armour of magic resistance (worn)
Jewellery
 r - a ring of protection from fire (left hand)
Scrolls
 i - 5 scrolls of identify {unknown}
 j - a scroll of fog {unknown}
 k - 4 scrolls of magic mapping {unknown}
 m - 4 scrolls of teleportation {unknown}
 o - a scroll of remove curse {unknown}
 s - a scroll of noise {unknown}
 u - a scroll of enchant armour {unknown}
Potions
 b - a potion of flight {unknown}
 h - a potion of resistance
 l - a potion of cure mutation {unknown}
 n - 2 potions of heal wounds {unknown}
 p - a potion of ambrosia {unknown}
 t - a potion of cancellation {unknown}
 w - a potion of agility {unknown}
 z - a potion of curing {unknown}
Comestibles
 f - 3 bread rations
 q - 3 meat rations
 v - 2 beef jerkies


   Skills:
 + Level 2.7 Fighting
 + Level 10.6 Bows
 + Level 1.0 Armour
 + Level 2.0 Dodging
 - Level 0.4 Stealth


You had 6 spell levels left.
You didn't know any spells.

Dungeon Overview and Level Annotations

Branches:
Dungeon (5/15)
 Temple: D:4-7

Altars:
Ashenzari
Cheibriados
Elyvilon
Fedhas
Makhleb
Uskayaw


Innate Abilities, Weirdness & Mutations

You have hooves in place of feet.
Armour fits poorly on your strangely shaped body.
You cover ground very quickly.
You have extremely tough skin. (AC +3)


Message History

Aim: a centaur You puncture the centaur!
You freeze the centaur. Your kick misses the centaur.
The centaur is heavily wounded.
The centaur hits you.
* * * LOW HITPOINT WARNING * * *
The centaur hits you but does no damage.
Attack whom?
Press: ? - help, Dir - move target cursor, f/p - centaur
Aim: a centaur (heavily wounded)
You hit the centaur. You freeze the centaur. Your kick misses the centaur.
The centaur is severely wounded.
The centaur hits you but does no damage.
The centaur barely misses you.
Attack whom?
Press: ? - help, Dir - move target cursor, f/p - centaur
Aim: a centaur (severely wounded)
You hit the centaur but do no damage.
The centaur is severely wounded.
The centaur hits you.
You die...

## #.
######.
#......####
#..[..c@<(#
#......##(#
#...... ..#
#......
#...
#......
.#.#
#######
..... ..#.#
#. .#


You could see a centaur.

Vanquished Creatures
  An ogre (D:4)
  The ghost of newuser the Sneak, an amateur KoWn (D:3)
  A centaur skeleton (D:4)
  2 orc wizards (D:3)
  Terence (D:3)
  Jessica (D:3)
  An iguana (D:4)
  Ijyb (D:3)
  A worker ant (D:4)
  2 hound skeletons (D:4)
  A gnoll (D:1)
  11 adders
  2 oozes
  An adder skeleton (D:4)
  3 worms
  2 dart slugs (D:3)
  5 leopard geckos
  12 orcs (D:3)
  6 giant cockroaches
  5 goblins
  8 hobgoblins
  9 jackals
  2 quokkas
  9 bats
  3 frilled lizards
  11 kobolds
  9 rats
111 creatures vanquished.

Vanquished Creatures (others)
  3 gnolls (D:2)
  An adder (D:2)
4 creatures vanquished.

Grand Total: 115 creatures vanquished

Notes
Turn   | Place    | Note
-------+----------+-------------------------------------------
     0 | D:1      | dobroeutro the Centaur Hunter began the quest for the Orb.
     0 | D:1      | Reached XP level 1. HP: 17/17 MP: 1/1
   559 | D:1      | Reached XP level 2. HP: 24/24 MP: 2/2
   647 | D:1      | Reached skill level 6 in Bows
  1236 | D:1      | Reached XP level 3. HP: 24/29 MP: 3/3
  1454 | D:2      | Reached skill level 7 in Bows
  1751 | D:2      | Reached XP level 4. HP: 31/36 MP: 4/4
  2026 | D:2      | Reached skill level 8 in Bows
  2655 | D:3      | Found a white marble altar of Elyvilon.
  2658 | D:3      | Found a hide-covered altar of Uskayaw.
  2658 | D:3      | Found a blossoming altar of Fedhas.
  2658 | D:3      | Found a burning altar of Makhleb.
  2658 | D:3      | Noticed Jessica
  2660 | D:3      | Noticed Ijyb
  2667 | D:3      | Reached XP level 5. HP: 35/41 MP: 5/5
  2685 | D:3      | Killed Jessica
  2706 | D:3      | Killed Ijyb
  2706 | D:3      | Reached skill level 9 in Bows
  3154 | D:3      | Noticed newuser's ghost (amateur KoWn)
  3195 | D:3      | Killed newuser's ghost
  3195 | D:3      | Reached XP level 6. HP: 34/48 MP: 6/6
  3432 | D:3      | Noticed Terence
  3433 | D:3      | Reached skill level 10 in Bows
  3454 | D:3      | Killed Terence
  3632 | D:3      | Found a shattered altar of Ashenzari.
  4093 | D:3      | Found a snail-covered altar of Cheibriados.
  4269 | D:4      | Reached XP level 7. HP: 56/56 MP: 7/7
  4479 | D:4      | Reached skill level 1 in Armour
  4646 | D:5      | Entered Level 5 of the Dungeon
  4665 | D:5      | Slain by a centaur

Skill      XL: |  1  2  3  4  5  6  7 |
---------------+----------------------+-----
Bows           | 6 7 8 9 10 | 10.6
Armour         | 1 |  1.0
Dodging        | 2 |  2.0
Fighting       | |  2.7
Stealth        | |  0.4

Action                   |  1- 3 |  4- 6 |  7- 9 || total
-------------------------+-------+-------+-------++-------
Melee: Short sword       |   176 |   111 |       ||   287
       Kick              |    36 |    37 |     5 ||    78
       Trident           |       |    75 |    34 ||   109
 Fire: Shortbow          |     6 |   104 |       ||   110
  Eat: Chunk             |     2 |     7 |     1 ||    10
Armor: Leather armour    |    69 |    89 |    18 ||   176
       Skin              |       |     1 |       ||     1
Dodge: Dodged            |    84 |   110 |    18 ||   212
